AoeStats
← KINDSOUL

Arena

510764907Analyzed
1v1 RM · 1d ago on Oct 2, 2026· 29m 24s· 2 players
Game mode
Random Map
Map size
Tiny (2 player)
Population
200
Speed
Normal
Resources
Standard
Victory
Conquest
Starting age
Dark Age
Ending age
Imperial Age
RankedLock teamsTeams togetherTeam positionsShared explorationLock speedFull tech treeHidden civsTurbo modeCheats
Victory
Defeat
🇫🇷 Turks · France
799
+15
🇺🇸 Turks · United States
785
-15
KINDSOUL
2:35 Loom
11:23 Feudal Age
12:53 Double-Bit Axe
17:24 Castle Age
15:55 Horse Collar
20:57 Town Watch
23:52 Town Patrol
Samarium
12:10 Feudal Age
16:08 Castle Age
20:43 Imperial Age
18:48 Double-Bit Axe
22:42 Horse Collar
25:22 Heavy Plow
Connection lost

Rejoining the realm…

Still unreachable

The connection could not be restored.

Session expired

The server has moved on; the page needs a fresh start.